 Dungeon Crawl Stone Soup version 0.19.1 (webtiles) character file.

172 theRoog the Poker (level 5, -1/47 HPs)
             Began as a Minotaur Berserker on Dec 16, 2016.
             Was a Priest of Trog.
             Slain by Eustachio
             ... wielding a +1 rapier of electrocution
              (17 damage)
             ... on level 4 of the Dungeon.
             The game lasted 00:03:42 (2595 turns).

theRoog the Poker (Minotaur Berserker)              Turns: 2595, Time: 00:03:43

Health: -1/47      AC:  8    Str: 23    XL:     5   Next: 27%
Magic:  4/4        EV: 12    Int:  4    God:    Trog [***...]
Gold:   167        SH:  0    Dex:  9    Spells: 0 memorised, 4 levels left

rFire  . . .     SeeInvis .     s - +0 trident
rCold  . . .     Gourm    .     x - +3 leather armour
rNeg   . . .     Faith    .     (no shield)
rPois  .         Spirit   .     (helmet restricted)
rElec  .         Reflect  .     u - +0 cloak
rCorr  .         Harm     .     n - +0 pair of gloves
MR     .....                    (no boots)
Stlth  +.........               (no amulet)
                                (no ring)
                                (no ring)

@: no status effects
A: retaliatory headbutt, horns 2
a: Berserk, Trog's Hand, Burn Spellbooks, Renounce Religion


You were on level 4 of the Dungeon.
You worshipped Trog.
Trog was most pleased with you.
You were not hungry.

You visited 1 branch of the dungeon, and saw 4 of its levels.

You collected 167 gold pieces.

Inventory:

Hand Weapons
 a - a +0 spear
 s - a +0 trident (weapon)
Armour
 b - a +0 animal skin
 g - a +0 ring mail
 n - a +0 pair of gloves (worn)
 u - a +0 cloak (worn)
 x - a +3 leather armour (worn)
Scrolls
 f - 2 scrolls of remove curse
 h - a scroll of teleportation
 i - a scroll of noise
 j - a scroll of enchant armour
 o - a scroll of magic mapping
 q - a scroll of fear {unknown}
 r - a scroll of blinking {unknown}
Potions
 e - a potion of ambrosia {unknown}
 k - a potion of might {unknown}
 p - 2 potions of cancellation {unknown}
 t - a potion of lignification {unknown}
 v - 2 potions of curing {unknown}
 w - a potion of magic {unknown}
Comestibles
 c - 2 bread rations
 d - 2 beef jerkies
 l - a meat ration
 m - a royal jelly


   Skills:
 + Level 4.8 Fighting
 + Level 5.3 Polearms
 + Level 3.6 Armour
 + Level 3.0 Dodging


You had 4 spell levels left.
You didn't know any spells.

Dungeon Overview and Level Annotations

Branches:
Dungeon (4/15)
 Temple: D:4-7

Altars:

Annotations:
D:4 Eustachio


Innate Abilities, Weirdness & Mutations

You reflexively headbutt those who attack you in melee.
You have a pair of horns on your head.


Message History

[Y]es or [N]o only, please.
Keep eating? [Y]es or [N]o only, please.
Keep eating?
You continue eating. x2
You finish eating.
That bread ration really hit the spot!
You hit Eustachio.
Eustachio is severely wounded.
Eustachio barely misses you.
You hit Eustachio. Your headbutt misses Eustachio.
Eustachio is severely wounded.
Eustachio closely misses you.
You hit Eustachio. Your headbutt misses Eustachio.
Eustachio is almost dead.
Eustachio hits you but does no damage.
You closely miss Eustachio.
Eustachio is almost dead.
Eustachio hits you with a rapier of electrocution!
You are electrocuted!
You die...

#..........#
###.###.#.....
#.###.#...##
#.#...#...#
#.#.###...#
#.# #...# #.#
#...# #.#
#...#####
#@###(......#
#)@).#..###.#
####.#.....
#.#......#
..#g..gg.#
.###.<....# #.


ggg§g.# # @.g.gg. You could see Eustachio.

Vanquished Creatures
  Jessica (D:2)
  Robin (D:4)
  3 adders
  An ooze (D:3)
  A worm (D:2)
  3 dart slugs
  A leopard gecko (D:2)
  2 orcs (D:3)
  3 ball pythons (D:1)
  12 bats
  3 giant cockroaches
  20 goblins
  8 hobgoblins
  2 jackals (D:1)
  10 kobolds
  9 frilled lizards
  8 rats
88 creatures vanquished.

Notes
Turn   | Place    | Note
-------+----------+-------------------------------------------
     0 | D:1      | theRoog the Minotaur Berserker began the quest for the Orb.
     0 | D:1      | Reached XP level 1. HP: 19/19 MP: 0/0
   108 | D:1      | Reached skill level 4 in Polearms
   108 | D:1      | Reached XP level 2. HP: 27/27 MP: 1/1
   470 | D:1      | Reached ** piety under Trog
   669 | D:1      | Reached XP level 3. HP: 33/33 MP: 2/2
   948 | D:2      | Noticed Jessica
   954 | D:2      | Killed Jessica
   954 | D:2      | Reached XP level 4. HP: 32/41 MP: 3/3
  1929 | D:3      | Reached *** piety under Trog
  2026 | D:3      | Reached skill level 5 in Polearms
  2202 | D:3      | Reached XP level 5. HP: 45/47 MP: 4/4
  2543 | D:4      | Noticed Robin
  2543 | D:4      | Noticed Eustachio
  2561 | D:4      | Killed Robin
  2595 | D:4      | Slain by Eustachio

Skill      XL: |  1  2  3  4 |
---------------+-------------+-----
Polearms       | 4 5 |  5.3
Fighting       | 4 |  4.8
Armour         | 3 |  3.6
Dodging        | 3 |  3.0

Action                   |  1- 3 |  4- 6 || total
-------------------------+-------+-------++-------
Melee: Spear             |    84 |    35 ||   119
       Headbutt          |     7 |    15 ||    22
       Trident           |       |   109 ||   109
Invok: Burn Spellbooks   |       |     1 ||     1
  Use: Scroll            |       |     5 ||     5
 Stab: Sleeping          |       |     1 ||     1
  Eat: Bread ration      |       |     2 ||     2
Armor: Animal skin       |     4 |       ||     4
       Ring mail         |     8 |    16 ||    24
       Leather armour    |       |     9 ||     9
Dodge: Dodged            |    27 |    66 ||    93
